 Dungeon Crawl Stone Soup version 0.31-a0-221-gbddc013574 (webtiles) character file.

Game seed: 12253343795242657785

702 melnuke325 the Slasher (level 7, 0/55 HPs)
             Began as a Human Berserker on July 4, 2023.
             Was an Initiate of Makhleb.
             Slain by a yak (3 damage)
             ... on level 5 of the Dungeon.
             The game lasted 01:13:52 (5636 turns).

melnuke325 the Slasher (Human Berserker)            Turns: 5636, Time: 01:13:53

Health: 0/55       AC: 13    Str: 19      XL:     7   Next: 98%
Magic:  7/7        EV: 11    Int:  7      God:    Makhleb [......]
Gold:   265        SH:  0    Dex: 10 (13) Spells: 6/6 levels left

rFire   . . .        v - +0 war axe (venom)
rCold   . . .        (no shield)
rNeg    . . .        Q - +1 plate armour
rPois   .            (no helmet)
rElec   .            (no cloak)
rCorr   .            (no gloves)
SInv    .            (no boots)
Will    .....        (no amulet) Stlth
                     u - ring of flight
HPRegen 0.29/turn    G - +5 ring of evasion
MPRegen 0.10/turn

%: no passive effects
@: silenced (expiring), flying
A: no striking features
a: Renounce Religion


You were on level 5 of the Dungeon.
You worshipped Makhleb.
Makhleb was noncommittal.
You visited 2 branches of the dungeon, and saw 6 of its levels.

You collected 265 gold pieces.

Inventory:

Hand Weapons
 a - a +0 falchion
 c - a +0 whip
 d - a +0 dagger
 f - a +0 hand axe
 j - a +0 dagger
 k - a +0 club
 l - a +0 dagger
 p - a +0 dagger
 q - a +0 dagger
 t - a +0 club
 v - a +0 war axe of venom (weapon)
 w - a +0 club
 y - a +0 rapier
 z - a +0 club
 B - a +0 sling
 C - a +0 dagger
 D - a +0 club
 E - a +0 short sword
 H - a +0 club
 J - a +0 quarterstaff
 L - a +0 trident
 M - a +3 mace
Missiles
 h - 47 stones (quivered)
 r - 4 atropa-tipped darts
Armour
 b - a +0 animal skin
 e - a +0 robe
 g - a +0 leather armour
 i - a +0 ring mail
 m - a +0 ring mail
 n - a +1 scale mail
 A - a +0 tower shield
 F - a +0 ring mail
 I - a +0 leather armour
 Q - a +1 plate armour (worn)
Jewellery
 u - a ring of flight (left hand)
 G - a +5 ring of evasion (right hand)
 O - a ring of magical power
Scrolls
 o - a scroll of identify
Potions
 x - a potion of brilliance


   Skills:
 + Level 4.7 Fighting
 + Level 5.3 Long Blades
 + Level 2.5 Axes
 + Level 4.6 Armour
 + Level 3.1 Dodging
 + Level 0.3 Stealth


You had 6 spell levels left.
You didn't know any spells.
Your spell library contained the following spells:

 Spells                   Type           Power      Damage    Failure   Level
 Sting                    Tmut/Pois      0%         1d3       100%        1
 Poisonous Vapours        Pois/Air       0%         N/A       100%        2
 Scorch                   Fire           0%         2d5       100%        2
 Dazzling Flash           Conj/Hex       0%         N/A       100%        3
 Vhi's Electric Charge    Tloc/Air       0%         N/A       100%        3
 Volatile Blastmotes      Fire/Tloc      0%         2d10      100%        3
 Flame Wave               Conj/Fire      0%         2d4       100%        4
 Iskenderun's Mystic Bla  Conj/Tloc      0%         2d3       100%        4
 Olgreb's Toxic Radiance  Pois           0%         N/A       100%        4
 Arcjolt                  Conj/Air       0%         1d10      100%        5
 Starburst                Conj/Fire      0%         6d3       100%        6
 Summon Cactus Giant      Summ           0%         N/A       100%        6
 Discord                  Hex            0%         N/A       100%        8
 Ignition                 Fire           0%         3d3       100%        8
 Maxwell's Capacitive Co  Air            0%         ∞         100%        8


Dungeon Overview and Level Annotations

Branches:
Dungeon (5/15)             Temple (1/1) D:4

Altars:
Ashenzari
Cheibriados
Dithmenos
Elyvilon
Hepliaklqana
Kikubaaqudgha
Makhleb
Okawaru
Qazlal
Ru
Sif Muna
Trog
Vehumet
Wu Jian
Xom
Yredelemnul
Zin
The Shining One

Annotations:
D:3 2 transporters, fuyune's ghost, amateur MiHu
D:5 Dowan; Menkaure


Message History

You slash the iguana!
The iguana is poisoned.
The iguana is severely wounded.
The iguana barely misses you.
You slash the iguana!
You kill the iguana!
Makhleb accepts your kill.
You hit the yak but do no damage. The yak gores you but does no damage.
The yak gores you!
Blink to where?
Press: ? - help, Dir - move target Blink to where?
Press: ? - help, Dir - move target
Okay, then.
As you read the scroll labelled ESIBAM LINE, it crumbles to dust.
It was a scroll of blinking.
The yak misses you.
As you read the scroll labelled COERCH FUMUZXUD, it crumbles to dust.
A profound silence engulfs you.
It was a scroll of silence.
The yak gores you! The yak attacks as you move away! The yak gores you!
* * * LOW HITPOINT WARNING * * *
The yak attacks as you move away! The yak gores you but does no damage.
The yak attacks as you move away! The yak gores you!
* * * LOW HITPOINT WARNING * * *
Menkaure casts a spell.
Menkaure seems to speed up.
You reach down and open the door.
The yak gores you but does no damage.
There is an open door here.
The yak attacks as you move away! The yak gores you but does no damage.
Menkaure calls on the powers of darkness!
The yak convulses!
Your body is wracked with pain!
* * * LOW HITPOINT WARNING * * *
Found a ring mail.
Found 9 gold pieces.
The yak gores you.
* * * LOW HITPOINT WARNING * * *
The yak attacks as you move away! The yak gores you.
* * * LOW HITPOINT WARNING * * *
You see here 9 gold pieces.
The yak attacks as you move away! The yak gores you.
You die...
Xom bursts into laughter! #.##†..## M..####.#.....# ........##...######## ...########...YM..... ..#.#######.. #.#.# #MY

# #.#'## #.. #.###.####
#....## #..
#......@.###.....## #..
####..##Y##.......## #.†
##...##.#.........###..
#.[.....M.........'....
...................####.
###..###.##.......## ##
#. ...###.....## # #####
##...... ##.....#


You could see a yak and Menkaure (fast).

Vanquished Creatures
  A water moccasin (D:4)
  A phantom (D:4)
  Blork the orc (D:5)
  A scorpion (D:5)
  A howler monkey (D:5)
  3 hounds
  A sleepcap (D:4)
  Natasha (twice) (D:2)
  An iguana (D:5)
  5 gnolls
  4 adders
  A worm (D:2)
  4 dart slugs
  10 orcs
  6 ball pythons
  5 bats
  3 endoplasms
  8 goblins
  4 hobgoblins
  4 quokkas
  2 frilled lizards
  5 kobolds
73 creatures vanquished.

Notes
Turn   | Place    | Note
-------+----------+-------------------------------------------
     0 | D:1      | melnuke325 the Human Berserker began the quest for the Orb.
     0 | D:1      | Reached XP level 1. HP: 18/18 MP: 1/1
   409 | D:1      | Reached XP level 2. HP: 19/24 MP: 2/2
  1025 | D:2      | Reached XP level 3. HP: 29/29 MP: 3/3
  1354 | D:3      | Noticed fuyune's ghost (amateur MiHu)
  1539 | D:4      | HP: 1/29 [sleepcap (17)]
  1545 | D:4      | HP: 1/29 [sleepcap (11)]
  1561 | D:4      | Reached skill level 4 in Long Blades
  1561 | D:4      | Reached XP level 4. HP: 3/35 MP: 4/4
  1605 | D:5      | Entered Level 5 of the Dungeon
  1661 | D:4      | Noticed a water moccasin
  1889 | D:2      | Noticed Natasha
  1901 | D:2      | Killed Natasha
  2040 | D:2      | Reached ** piety under Trog
  2202 | D:1      | Reached XP level 5. HP: 41/41 MP: 5/5
  2769 | D:2      | Noticed Natasha
  2785 | D:2      | Killed Natasha
  3016 | D:3      | HP: 2/42 [gnoll/+0 club (6)]
  3125 | D:5      | Reached XP level 6. HP: 37/48 MP: 6/6
  3271 | D:4      | Killed a water moccasin
  3272 | D:4      | Reached skill level 5 in Long Blades
  3425 | D:4      | Found a staircase to the Ecumenical Temple.
  3466 | D:4      | Reached XP level 7. HP: 45/54 MP: 7/7
  3976 | D:3      | Reached skill level 1 in Axes
  4049 | D:3      | Found a shadowy altar of Dithmenos.
  4050 | D:3      | Found a stormy altar of Qazlal.
  4051 | D:3      | Found a bloodstained altar of Trog.
  4326 | D:3      | Found a transporter.
  4339 | D:3      | Found a transporter.
  4406 | D:3      | Found a white marble altar of Elyvilon.
  4407 | D:3      | Found a glowing silver altar of Zin.
  4409 | D:3      | Found a glowing golden altar of the Shining One.
  4920 | Temple   | Entered the Ecumenical Temple
  4978 | Temple   | Fell from the grace of Trog
  4978 | Temple   | Became a worshipper of Xom of Chaos
  5089 | Temple   | Fell from the grace of Xom
  5089 | Temple   | Became a worshipper of Makhleb the Destroyer
  5504 | D:5      | Noticed Blork the orc
  5539 | D:5      | Noticed Dowan
  5552 | D:5      | Killed Blork the orc
  5587 | D:5      | Noticed Menkaure
  5596 | D:5      | Noticed a yak
  5596 | D:5      | Noticed a yak
  5614 | D:5      | HP: 2/55 [yak (13)]
  5636 | D:5      | Slain by a yak

Illustrated notes

Levels and vault maps discovered:
D:1:      heliophobic_arrival_enchanted_forest, layout_basic
D:2:      layout_basic, uniq_natasha
D:3:      layout_rooms, good_gods_temple_1, minitemple, gammafunk_ghost_arena,
          corner_web_ring
D:4:      layout_loops_corners, minmay_temple_entry_ruins, serial_bayou,
          serial_bayou_ford_a, serial_bayou_pond_c, serial_bayou_shore_a,
          serial_bayou_pond_e, st_stairs_6
D:5:      layout_loops_corners, serial_shops, nicolae_shop_advertising_works
          [nicolae_subvault_shop_adworks], st_stairs_2, nicolae_elemental_shop,
          chequers_serial_rivers_micro_d,
          nicolae_concentric_dashed_squares_wild, amcnicky_mini_pool_small,
          uniq_menkaure, uniq_blork_the_orc, uniq_duvessa
Temple:   hellmonk_temple_forest_ring

Skill      XL: |  1  2  3  4  5  6  7 |
---------------+----------------------+-----
Long Blades    | 4 5 |  5.3
Fighting       | 4 |  4.7
Armour         | 3 4 |  4.6
Dodging        | 3 |  3.1
Axes           | 2 |  2.5
Stealth        | |  0.3

Action                     |  1- 3 |  4- 6 |  7- 9 || total
---------------------------+-------+-------+-------++-------
  Melee: Falchion          |    99 |   129 |       ||   228
         War axe           |       |     7 |    83 ||    90
         Punch             |       |     3 |     2 ||     5
    Use: Potion            |     5 |     4 |     1 ||    10
         Scroll            |     3 |     3 |     6 ||    12
 Armour: Leather armour    |     3 |       |       ||     3
         Animal skin       |     1 |       |       ||     1
         Ring mail         |    14 |       |       ||    14
         Scale mail        |    14 |    48 |    18 ||    80
         Plate armour      |       |       |    19 ||    19
  Dodge: Dodged            |    75 |   115 |    81 ||   271

Table legend: (Time is in decaauts)
 A = Elapsed time spent in this place.
 B = Non-inter-level travel time spent in this place.
 C = Inter-level travel time spent in this place.
 D = Time resting spent in this place.
 E = Time spent auto-exploring this place.
 F = Levels seen in this place.
 G = Mean time per level.
                   A        B        C        D        E       F      G
               +--------+--------+--------+--------+--------+-----+--------+
         Total |   5685 |   1341 |   4344 |      0 |      0 |   6 |  947.5 |
       Dungeon |   5506 |   1315 |   4191 |      0 |      0 |   5 | 1101.2 |
        Temple |    179 |     26 |    153 |      0 |      0 |   1 |  179.0 |
               +--------+--------+--------+--------+--------+-----+--------+

Top non-repeatable levels by time:
     D:4: 1610 daAuts
     D:1: 1390 daAuts
     D:2: 1144 daAuts
     D:3: 1088 daAuts
     D:5: 273 daAuts
  Temple: 179 daAuts
